 Dungeon Crawl Stone Soup version 0.28-a0-1199-gef9e1dbd39 (webtiles) character file.

Game seed: 3560531841043803197

4313 ChaosChampion the Grappler (level 10, -10/84 (86) HPs)
             Began as a White Draconian Transmuter on Dec 19, 2021.
             Was a Follower of Ru.
             Mangled by a troll (12 damage)
             ... while paralysed by a hornet
             ... on level 8 of the Dungeon.
             The game lasted 00:15:01 (7540 turns).

ChaosChampion the Grappler (DrTm)                   Turns: 7540, Time: 00:15:02

HP:   -10/84 (86)   AC:  8    Str: 13    XL:     10   Next: 11%
MP:   12/16         EV:  2    Int: 17    God:    Ru [*.....]
Gold: 154           SH:  0    Dex: 18    Spells: 10/17 levels left

rFire   + . .      SeeInvis .     - Unarmed
rCold   + + .      Faith    .   (no shield)
rNeg    . . .      Spirit   .   (armour unavailable)
rPois   .          Reflect  .   (helmet restricted)
rElec   .          Harm     .   z - scarf {rC+ rF+}
rCorr   .          Rampage  .   b - +0 pair of gloves
Will    +....                   (no boots)
Stlth   ++........              r - amulet of regeneration
HPRegen 1.04/turn               f - +6 ring of dexterity
MPRegen 0.15/turn               g - ring of willpower

@: paralysed, lethally poisoned (-10 -> -11), wereblooded, slowed, lightly
drained
A: breathe frost, AC +7, unfitting armour, cold resistance 1, screaming 1,
cold-blooded, no conjurations magic, no hexes magic, no poison magic
a: Breathe Frost, Renounce Religion


You were on level 8 of the Dungeon.
You worshipped Ru.
Ru was aware of your devotion.
You visited 1 branch of the dungeon, and saw 8 of its levels.

You collected 298 gold pieces.
You spent 144 gold pieces at shops.

Inventory:

Missiles
 j - 6 javelins
 u - 44 poisoned darts
Armour
 b - a +0 pair of gloves (worn)
 k - a +0 cloak
 z - a scarf of resistance (worn)
 A - a +0 pair of boots
Magical Staves
 e - a staff of air
Jewellery
 f - a +6 ring of dexterity (left hand)
 g - a ring of willpower (right hand)
 p - an amulet of the acrobat
 q - a ring of magical power
 r - an amulet of regeneration (around neck)
Wands
 o - a wand of flame (37)
Scrolls
 l - a scroll of teleportation
 s - 5 scrolls of identify
 t - a scroll of enchant weapon {unknown}
 v - 2 scrolls of magic mapping
 x - 2 scrolls of enchant armour {unknown}
 y - 2 scrolls of immolation {unknown}
 B - 2 scrolls of amnesia {unknown}
Potions
 a - a potion of curing {unknown}
 c - a potion of heal wounds
 d - a potion of berserk rage
 h - a potion of might {unknown}
 i - a potion of attraction
 m - a potion of brilliance {unknown}
 n - a potion of mutation {unknown}
 w - a potion of flight {unknown}


   Skills:
 + Level 7.3 Fighting
 + Level 6.3 Dodging
 * Level 8.7 Unarmed Combat
 - Level 4.0 Spellcasting
 - Level 2.0 Transmutations
 + Level 8.2 Ice Magic


You had 10 spell levels left.
You knew the following spells:

 Your Spells              Type           Power      Damage    Failure   Level
a - Beastly Appendage     Tmut           20%        N/A       7%          1
b - Wereblood             Tmut           10%        N/A       11%         2
c - Ice Form              Ice/Tmut       20%        N/A       19%         4

Your spell library contained the following spells:

 Spells                   Type           Power      Damage    Failure   Level
 Freeze                   Ice            100%       1d11      1%          1
 Frozen Ramparts          Ice            62%        1d8       1%          3
 Apportation              Tloc           6%         N/A       16%         1
 Summon Small Mammal      Summ           12%        N/A       16%         1
 Call Canine Familiar     Summ           3%         N/A       43%         3
 Ignition                 Fire           1%         3d3       100%        8
 Hailstorm                Conj/Ice       Unusable   3d6       N/A         4
 Spider Form              Tmut/Pois      Unusable   N/A       N/A         3
 Summon Guardian Golem    Hex/Summ       Unusable   N/A       N/A         3
 Alistair's Intoxication  Tmut/Pois      Unusable   N/A       N/A         5
 Fireball                 Conj/Fire      Unusable   3d3       N/A         5
 Starburst                Conj/Fire      Unusable   6d3       N/A         6

Dungeon Overview and Level Annotations

Branches:
Dungeon (8/15)             Temple (0/1) D:5
   Lair: D:8-11

Altars:
Ashenzari
Gozag
Hepliaklqana
Kikubaaqudgha
Ru
Sif Muna
Vehumet
Zin
The Shining One

Shops:
D:5 *   D:7 ([

Annotations:
D:5 2 runed translucent doors, GordonOverkill's ghost, novice MiCA


Innate Abilities, Weirdness & Mutations

You can breathe waves of freezing cold which knock back foes.
Your icy white scales are hard. (AC +7)
You cannot fit into any form of body armour.
Your flesh is cold resistant. (rC+)
You occasionally shout uncontrollably at your foes.
You are cold-blooded and may be slowed by cold attacks.
You cannot study or cast Conjurations magic.
You cannot study or cast Hexes magic.
You cannot study or cast Poison magic.


Message History

You hit the hornet.
The hornet is moderately wounded.
The howler monkey closely misses you. The hornet closely misses you.
You hit the hornet. You punch the hornet!
The hornet is heavily wounded.
The hornet stings you!
You feel yourself slow down. The howler monkey closely misses you.
You feel yourself speed up.
The howler monkey hits you but does no damage.
The hornet stings you.
You are poisoned.
You feel yourself slow down. The howler monkey misses you.
The howler monkey hoots and howls with incredible vigour!
The hornet misses you.
Found a morningstar.
You feel very sick.
A troll comes into view.
The hornet closely misses you.
You feel yourself speed up.
You feel sick.
The howler monkey hoots and howls with incredible vigour!
The hornet stings you.
You feel yourself slow down. The troll bites you. The troll closely misses you.
The troll claws you but does no damage.
You hit the troll.
The troll is lightly wounded.
You feel yourself speed up.
You feel sick. The hornet stings you.
You suddenly lose the ability to move!
The howler monkey hoots and howls with incredible vigour!
The hornet completely misses you. The troll bites you!
* * * LOW HITPOINT WARNING * * *
The troll claws you!
* * * LOW HITPOINT WARNING * * *
The troll claws you but does no damage. The necrophage hits you.
* * * LOW HITPOINT WARNING * * *
You feel drained.
* * * LOW HITPOINT WARNING * * *
You feel sick. The hornet stings you!
* * * LOW HITPOINT WARNING * * *
You feel yourself slow down. The troll bites you!
You die...

##### ####..# #...###########
#)...........#.
######...###..###..##
####./..........)###...# .
#...)...........)..#..# ..
##.##.............#.#..##.##.
...######....#.#.n#)#........
#### #......T@yhh)†.# #
.......#.##.##....#
....<#.#.##.......#
.......#.#####....# # $##.#.#
.....# #.. ......# #..
......# .). .......


You could see a troll, a hornet, a necrophage and 2 howler monkeys.

Vanquished Creatures
  Maurice (D:8)
  A manticore (D:8)
  Prince Ribbit (D:6)
  3 steam dragons
  2 water moccasins
  Duvessa (D:6)
  2 orc warriors (D:8)
  2 sky beasts
  4 ice beasts
  4 ogres
  A centaur (D:7)
  A kobold brigand (D:8)
  2 bullfrogs (D:8)
  2 scorpions
  A water moccasin skeleton (D:5)
  Dowan (D:6)
  An electric eel (D:7)
  2 howler monkeys (D:8)
  A centaur zombie (D:6)
  4 hounds
  2 jellies
  A bullfrog zombie (D:5)
  An orc priest (D:3)
  A centaur skeleton (D:6)
  A bullfrog skeleton (D:5)
  Ijyb (D:3)
  3 iguanas
  7 orc wizards
  3 killer bee zombies
  A hound skeleton (D:4)
  A howler monkey zombie (D:8)
  9 gnolls (D:5)
  A howler monkey skeleton (D:5)
  9 adders
  2 shadow imps
  3 white imps
  An ufetubus (D:6)
  An adder skeleton (D:4)
  2 worms
  A dart slug (D:2)
  22 orcs
  6 ball pythons
  7 bats
  5 endoplasms
  2 giant cockroaches
  5 goblins
  10 hobgoblins
  3 jackals (D:4)
  25 kobolds
  A quokka (D:4)
  6 frilled lizards
  2 rats (D:2)
182 creatures vanquished.

Vanquished Creatures (others)
  A wight (D:8)
1 creature vanquished.

Grand Total: 183 creatures vanquished

Notes
Turn   | Place    | Note
-------+----------+-------------------------------------------
     0 | D:1      | ChaosChampion the Draconian Transmuter began the quest for
                  | the Orb.
     0 | D:1      | Reached XP level 1. HP: 16/16 MP: 3/3
   229 | D:1      | Reached XP level 2. HP: 23/23 MP: 3/5
   967 | D:2      | Reached XP level 3. HP: 29/29 MP: 4/6
  1815 | D:2      | Reached XP level 4. HP: 35/37 MP: 5/7
  1956 | D:3      | Noticed Ijyb
  1969 | D:3      | Killed Ijyb
  2261 | D:3      | Reached XP level 5. HP: 27/44 MP: 6/8
  2287 | D:3      | Learned a level 2 spell: Wereblood
  2468 | D:3      | Found a sacrificial altar of Ru.
  2736 | D:3      | Became a worshipper of Ru the Awakened
  2756 | D:4      | Reached skill level 5 in Unarmed Combat
  3031 | D:4      | Noticed an ogre
  3371 | D:4      | Reached XP level 6. HP: 25/51 MP: 9/9
  3772 | D:5      | Entered Level 5 of the Dungeon
  3885 | D:5      | Your scales start taking on an icy white colour.
  3885 | D:5      | Reached XP level 7. HP: 59/59 MP: 8/10
  3885 | D:5      | Gained mutation: Your flesh is cold resistant. (rC+) [White
                  | Draconian growth]
  4084 | D:5      | Learned a level 4 spell: Ice Form
  4171 | D:5      | Reached skill level 1 in Ice Magic
  4232 | D:5      | Gained mutation: You cannot study or cast Poison magic. [Ru
                  | sacrifice]
  4232 | D:5      | Gained mutation: You cannot study or cast Hexes magic. [Ru
                  | sacrifice]
  4232 | D:5      | Gained mutation: You cannot study or cast Conjurations
                  | magic. [Ru sacrifice]
  4232 | D:5      | Reached * piety under Ru
  4266 | D:5      | Found a runed translucent door.
  4267 | D:5      | Noticed GordonOverkill's ghost (novice MiCA)
  4320 | D:5      | Found Leopnuxa's Overcharged Wands.
  4360 | D:5      | Reached XP level 8. HP: 41/67 MP: 8/11
  4392 | D:5      | Reached skill level 5 in Fighting
  4826 | D:5      | Found a staircase to the Ecumenical Temple.
  4849 | D:5      | Found a runed translucent door.
  5298 | D:6      | Found a glowing golden altar of the Shining One.
  5409 | D:6      | Noticed Dowan
  5413 | D:6      | Noticed Duvessa
  5418 | D:6      | Killed Dowan
  5485 | D:6      | Killed Duvessa
  5534 | D:6      | Noticed Prince Ribbit
  5546 | D:6      | Killed Prince Ribbit
  5547 | D:6      | Reached skill level 5 in Dodging
  5547 | D:6      | Reached skill level 5 in Ice Magic
  5758 | D:6      | Found an opulent altar of Gozag.
  5886 | D:6      | Found a shimmering blue altar of Sif Muna.
  6092 | D:6      | Found a radiant altar of Vehumet.
  6193 | D:7      | Reached XP level 9. HP: 62/75 MP: 12/14
  6250 | D:7      | Found a glowing silver altar of Zin.
  6299 | D:7      | Found Ifitz's Antique Weapon Boutique.
  6313 | D:7      | Found Pyegamet's Antique Armour Emporium.
  6346 | D:7      | Bought a runed scarf for 144 gold pieces
  6620 | D:7      | Found a broken altar of Ashenzari.
  6620 | D:7      | Found an ancient bone altar of Kikubaaqudgha.
  6621 | D:7      | Found a hazy altar of Hepliaklqana.
  6796 | D:8      | Noticed a manticore
  6899 | D:8      | Killed a manticore
  6911 | D:8      | Gained mutation: You occasionally shout uncontrollably at
                  | your foes. [Ru sacrifice]
  7043 | D:8      | Noticed a seven-headed hydra
  7346 | D:8      | Reached XP level 10. HP: 86/86 MP: 11/16
  7482 | D:8      | Noticed Maurice
  7495 | D:8      | Killed Maurice
  7533 | D:8      | Paralysed by a hornet for 1 turns
  7539 | D:8      | Paralysed by a hornet for 2 turns
  7540 | D:8      | HP: 2/84 [hornet (9)]
  7540 | D:8      | Mangled by a troll

Illustrated notes

Levels and vault maps discovered:
D:1:      psy_arrival_basics, layout_loops_cross, hex_large
D:2:      layout_basic, minmay_misc_feat_rows, serial_bayou_pond_b
D:3:      layout_rooms, hangedman_ru_absence, corexii_shack, uniq_ijyb
D:4:      layout_loops_ring, enter_ossuary_1
D:5:      layout_basic, minmay_temple_entry_gardened_gates,
          ebering_ghost_sewer_f, nicolae_shop_overcharged_wands
D:6:      layout_basic, nicolae_sif_muna_little_library, tso_metal_star,
          mainiacjoe_overflow_boulevard, mainiacjoe_overflow_alcove_4,
          uniq_prince_ribbit1, uniq_duvessa
D:7:      layout_rooms, zin_treasury, gammafunk_temple_overflow_claw,
          nicolae_wooded_promenade
D:8:      minmay_clustersquares, layout_loops_cross, amcnicky_altar_gilded,
          due_unseen_surprise, uniq_maurice

Skill      XL: |  1  2  3  4  5  6  7  8  9 |
---------------+----------------------------+-----
Dodging        | 2 3 4 5 6 |  6.3
Fighting       | 2 3 4 6 7 |  7.3
Unarmed Combat | 4 5 6 7 8 |  8.7
Ice Magic      | 2 5 8 |  8.2
Spellcasting   | 3 4 |  4.0
Transmutations | |  2.0

Action                   |  1- 3 |  4- 6 |  7- 9 | 10-12 || total
-------------------------+-------+-------+-------+-------++-------
Melee: Unarmed           |   108 |   153 |   352 |    24 ||   637
       Kick              |    21 |    39 |    61 |       ||   121
       Tailslap          |    10 |    24 |    55 |       ||    89
       Headbutt          |     6 |    18 |    31 |       ||    55
       Punch             |     1 |     2 |     5 |     1 ||     9
 Cast: Beastly Appendage |    27 |    23 |    34 |       ||    84
       Wereblood         |       |     7 |    31 |     3 ||    41
       Ice Form          |       |       |     3 |     2 ||     5
Invok: Sacrifice Arcana  |       |       |     1 |       ||     1
       Sacrifice Purity  |       |       |     1 |       ||     1
 Abil: Breathe Frost     |       |       |    13 |       ||    13
  Use: Scroll            |       |     8 |     1 |       ||     9
       Potion            |       |       |     4 |       ||     4
 Stab: Sleeping          |     1 |     3 |     1 |       ||     5
Armor: Skin              |    36 |    25 |    78 |     4 ||   143
Dodge: Dodged            |    56 |    98 |   239 |    20 ||   413

Table legend: (Time is in decaauts)
 A = Elapsed time spent in this place.
 B = Non-inter-level travel time spent in this place.
 C = Inter-level travel time spent in this place.
 D = Time resting spent in this place.
 E = Time spent auto-exploring this place.
 F = Levels seen in this place.
 G = Mean time per level.
                   A        B        C        D        E       F      G
               +--------+--------+--------+--------+--------+-----+--------+
         Total |   7469 |   7200 |    269 |    600 |   4612 |   8 |  933.6 |
       Dungeon |   7469 |   7200 |    269 |    600 |   4612 |   8 |  933.6 |
               +--------+--------+--------+--------+--------+-----+--------+

Top non-repeatable levels by time:
     D:5: 1240 daAuts
     D:2: 1110 daAuts
     D:3: 1048 daAuts
     D:6: 973 daAuts
     D:4: 964 daAuts
     D:7: 826 daAuts
     D:1: 750 daAuts
     D:8: 553 daAuts
